 Dungeon Crawl Stone Soup version 0.31.0-9-g3a7656b989 (webtiles) character file.

Game seed: 14608310051938232175

54231 ExZ the Tortoise (level 14, -1/135 HPs)
             Began as a Minotaur Berserker on Jan 28, 2024.
             Was a High Priest of Trog.
             Slain by a sea snake (12 damage)
             ... on level 1 of the Shoals.
             The game lasted 00:17:15 (14261 turns).

ExZ the Tortoise (Minotaur Berserker)              Turns: 14261, Time: 00:17:16

Health: -1/135     AC: 25    Str: 26    XL:     14   Next: 33%
Magic:  13/13      EV: 15    Int:  4    God:    Trog [*****.]
Gold:   593        SH:  9    Dex: 16    Spells: 13/13 levels left

rFire   . . .        H - +8 hammer of the Crypt {drain, rC+ Will+ Dex-5 SInv}
rCold   + . .        G - +2 buckler
rNeg    . . .        a - +0 chain mail of Experimentation {Dex+4}
rPois   .            (helmet restricted)
rElec   .            I - +1 cloak
rCorr   .            g - +0 pair of gloves
SInv    +            i - +2 pair of boots
Will    ++...        (no amulet) Stlth
                     e - +4 ring of protection
HPRegen 0.42/turn    h - +6 ring of dexterity
MPRegen 0.13/turn

%: no passive effects
@: about to teleport
A: horns 2, retaliatory headbutt
a: Renounce Religion, Berserk, Trog's Hand, Brothers in Arms


You were on level 1 of the Shoals.
You worshipped Trog.
Trog was extremely pleased with you.
You visited 3 branches of the dungeon, and saw 17 of its levels.

You collected 905 gold pieces.
You spent 312 gold pieces at shops.

Inventory:

Hand Weapons
 H - the +8 hammer of the Crypt (weapon) {drain, rC+ Will+ Dex-5 SInv}
   (You found it on level 3 of the Dungeon)

   Dex-5:     It affects your dexterity (-5).
   rC+:       It protects you from cold.
   Will+:     It increases your willpower.
   SInv:      It lets you see invisible.
Armour
 a - the +0 chain mail of Experimentation (worn) {Dex+4}
   (You bought it in a shop on level 1 of the Dungeon)

   Dex+4:     It affects your dexterity (+4).
 g - a +0 pair of gloves (worn)
 i - a +2 pair of boots (worn)
 G - a +2 buckler (worn)
 I - a +1 cloak (worn)
Jewellery
 e - a +4 ring of protection (left hand)
 h - a +6 ring of dexterity (right hand)
 K - a +6 ring of intelligence
Wands
 j - a wand of quicksilver (3)
 q - a wand of charming (11)
 D - a wand of flame (32)
Scrolls
 c - 2 scrolls of butterflies
 f - 4 scrolls of immolation
 u - a scroll of vulnerability
 w - 2 scrolls of teleportation
 y - 2 scrolls of amnesia
 z - 3 scrolls of enchant armour
 A - 3 scrolls of poison
 C - 2 scrolls of noise
 E - 3 scrolls of revelation
 J - 2 scrolls of fear {unknown}
 L - 2 scrolls of fog {unknown}
Potions
 d - 4 potions of curing
 k - a potion of magic {unknown}
 l - 2 potions of degeneration {unknown}
 m - 3 potions of attraction
 n - 4 potions of berserk rage {unknown}
 o - 2 potions of heal wounds {unknown}
 p - 5 potions of lignification {unknown}
 r - 3 potions of invisibility
 s - 4 potions of cancellation {unknown}
 t - 2 potions of haste {unknown}
 v - 2 potions of mutation {unknown}
 x - 2 potions of ambrosia {unknown}
 B - 2 potions of brilliance {unknown}
 F - 3 potions of might {unknown}


   Skills:
 + Level 15.3 Fighting
 - Level 3.7(9.7) Axes
 - Level 13.8(14.0) Maces & Flails
 - Level 15.5 Armour
 + Level 12.3 Dodging
 + Level 10.2 Shields


You had 13 spell levels left.
You didn't know any spells.
Your spell library was empty.

Dungeon Overview and Level Annotations

Branches:
Dungeon (11/15)            Temple (0/1) D:7            Lair (5/5) D:11
 Shoals (1/4) Lair:2        Snake (0/4) Lair:3        Slime (0/5) Lair:4
    Orc (0/2) D:9

Altars:
Nemelex Xobeh
Sif Muna
Wu Jian
Xom
Jiyva

Shops:
D:1 [*[   D:8 :=?

Annotations:
D:5 3 runed translucent doors, karambola's ghost, novice OpEE
Lair:3 Nessos


Innate Abilities, Weirdness & Mutations

You have a pair of horns on your head.
You reflexively headbutt those who attack you in melee.


Message History

The sea snake poisons you!
* * * LOW HITPOINT WARNING * * *
You feel extremely sick. The harpy claws you!
* * * LOW HITPOINT WARNING * * *
The harpy claws you but does no damage. You block the harpy's attack.
The harpy claws you but does no damage. The sea snake misses you.
You block the sea snake's attack.
Unknown command.
You feel better. The harpy misses you. You furiously retaliate!
You headbutt the harpy!
You kill the harpy!
Trog accepts your kill. The sea snake bites you!
* * * LOW HITPOINT WARNING * * *
You are lethally poisoned!
The sea snake poisons you! The harpy misses you. You furiously retaliate!
You headbutt the harpy! The harpy closely misses you.
Unknown command.
Unknown command.
Okay, then.
Blink to where?
Press: ? - help, Dir - move target
As you read the scroll of blinking, it crumbles to dust.
* * * LOW HITPOINT WARNING * * *
You feel extremely sick.
Okay, then.
Unknown command.
You feel better.
Unknown command.
Unknown command.
There is a stone staircase leading down here.
Unknown command.
Unknown command.
Okay, then.
As you read the scroll of teleportation, it crumbles to dust.
You feel strangely unstable. You block the harpy's attack. The harpy claws you.
* * * LOW HITPOINT WARNING * * *
The sea snake bites you!
You die...

.### ##...~~~~~..$.....~~~~~~
....##....~~~~......~~†~~~~~~
........~~~~....)./~~~~~~~~~~
......)≈≈≈≈~...###.~~~.....~~
#.....≈≈≈≈.# #.~≈~.....~~
##....~≈≈≈~.# ##.~~~~...~~~
......~≈~~.## #..≈≈≈~~.~~~~
###...~.)..# ##S≈≈≈~.~~~~~~
##.†.......# #@H≈≈≈~~~~~~~~
.......~~~.#####....~≈~~~~~~~
...~~~~~~~~.#....##.~~~.~~~~~
~~~~~~~~~~~..........~~~~~~~~
~~~~~~~~~~~~.........~~~≈~~~
~~~~~~~~~~~~~~~.~..~~~~~≈~
~~~~~~~~~~~~~~~~.~....~~≈
..~~~~~~~~~~~~~~...#.~~~≈
...~~~~~~..~~~~..####.~~


You could see a sea snake and a harpy.

Vanquished Creatures
  Gastronok (Lair:3)
  A minotaur (Lair:1)
  Josephine (Lair:5)
  4 hydras
  4 catoblepae
  Erica (Lair:2)
  A two-headed ogre (D:11)
  8 death yaks
  A deep troll shaman (Lair:5)
  A skyshark (Lair:5)
  A deep troll (D:10)
  3 harpies (Shoals:1)
  A lindwurm (Lair:5)
  An ugly thing (D:11)
  A faun (Shoals:1)
  A cyclops (D:11)
  Maurice (D:9)
  7 elephants
  2 merfolk sirens
  7 black mambas
  10 cane toads
  A gargoyle (D:7)
  A torpor snail (Lair:5)
  An unseen horror (D:11)
  5 rime drakes
  2 kobold demonologists (D:11)
  4 komodo dragons
  3 polar bears
  2 trolls (D:11)
  Grinder (D:5)
  13 blink frogs
  A snapping turtle (Shoals:1)
  A shadow (D:10)
  71 yaks
  5 wraiths
  Grum (D:10)
  2 basilisks
  5 wyverns
  A steam dragon (D:9)
  A warg (D:9)
  7 water moccasins
  An acid dragon (D:11)
  7 orc warriors
  4 black bears
  2 ogres
  27 wolves
  2 centaurs
  5 kobold brigands
  A gnoll sergeant (D:7)
  11 bullfrogs
  13 wights
  7 killer bees
  2 electric eels (Lair:2)
  5 howler monkeys
  2 bombardier beetles (D:4)
  7 orc priests
  Crazy Yiuf (D:3)
  A jelly (D:5)
  7 orc wizards
  An iguana (D:5)
  A sleepcap (D:7)
  9 hell rats
  3 gnolls (D:7)
  3 adders
  2 river rats (D:11)
  2 shadow imps (D:7)
  A dart slug (D:5)
  A ribbon worm (D:4)
  31 orcs
  8 bats
  11 endoplasms
  3 giant cockroaches
  5 goblins
  6 hobgoblins
  3 jackals (D:4)
  10 kobolds
  5 quokkas
  5 ball pythons
  6 frilled lizards
  11 rats
418 creatures vanquished.

Vanquished Creatures (collateral kills)
  A hydra (Lair:4)
  A blink frog (Lair:4)
  A bullfrog (Lair:4)
3 creatures vanquished.

Grand Total: 421 creatures vanquished

Notes
Turn   | Place    | Note
-------+----------+-------------------------------------------
     0 | D:1      | ExZ the Minotaur Berserker began the quest for the Orb.
     0 | D:1      | Reached XP level 1. HP: 19/19 MP: 0/0
    15 | D:1      | Found Minisk's Antique Armour Shop.
    61 | D:1      | Found Jofosh's General Store.
   203 | D:1      | Reached XP level 2. HP: 27/27 MP: 1/1
   369 | D:1      | Found Wuaskye's Armour Shoppe.
   447 | D:1      | Reached ** piety under Trog
   630 | D:2      | Reached XP level 3. HP: 35/35 MP: 2/2
   733 | D:2      | Reached skill level 5 in Fighting
  1335 | D:3      | Noticed an ogre
  1339 | D:3      | Killed an ogre
  1340 | D:3      | Reached XP level 4. HP: 45/45 MP: 3/3
  1340 | D:3      | Reached XP level 5. HP: 51/51 MP: 4/4
  1701 | D:3      | Found a runed translucent door.
  1702 | D:3      | Noticed Crazy Yiuf
  1905 | D:3      | Found a shimmering blue altar of Sif Muna.
  2125 | D:4      | Reached XP level 6. HP: 58/61 MP: 5/5
  2166 | D:4      | Reached *** piety under Trog
  2221 | D:4      | Reached skill level 1 in Shields
  2454 | D:5      | Entered Level 5 of the Dungeon
  2514 | D:5      | Noticed Grinder
  2514 | D:5      | Paralysed by Grinder for 2 turns
  2526 | D:5      | Killed Grinder
  2527 | D:5      | Reached XP level 7. HP: 62/67 MP: 6/6
  2725 | D:5      | Found a runed translucent gate.
  2809 | D:5      | Found a runed translucent gate.
  2809 | D:5      | Found a runed translucent gate.
  2810 | D:5      | Noticed karambola's ghost (novice OpEE)
  2937 | D:5      | Found a shimmering altar of Xom.
  3056 | D:5      | Found a sparkling altar of Nemelex Xobeh.
  3144 | D:6      | Reached skill level 5 in Armour
  3181 | D:7      | Reached skill level 5 in Shields
  3232 | D:7      | Reached XP level 8. HP: 74/74 MP: 7/7
  3499 | D:7      | Noticed a gargoyle
  3510 | D:7      | Killed a gargoyle
  3511 | D:7      | Reached skill level 10 in Armour
  3749 | D:7      | Found a staircase to the Ecumenical Temple.
  4085 | D:3      | Killed Crazy Yiuf
  4129 | D:3      | Identified the +8 hammer of the Crypt {drain, rC+ Will+
                  | Dex-5 SInv}
  4309 | D:8      | Reached XP level 9. HP: 80/81 MP: 8/8
  4669 | D:8      | Reached **** piety under Trog
  4834 | D:1      | Bought a scorched chain mail for 237 gold pieces
  4834 | D:1      | Identified the +0 chain mail of Experimentation {Dex+4}
                  | (You bought it in a shop on level 1 of the Dungeon)
  5028 | D:8      | Found Leost's Book Shoppe.
  5061 | D:8      | Found an ornate altar of the Wu Jian Council.
  5211 | D:8      | Found Soosapuv's Magic Scroll Shop.
  5216 | D:8      | Bought a scroll of identify for 30 gold pieces
  5216 | D:8      | Bought a scroll of teleportation for 45 gold pieces
  5315 | D:8      | Found Deczio Hyra's Jewellery Boutique.
  5375 | D:9      | Reached XP level 10. HP: 83/88 MP: 9/9
  5382 | D:9      | Reached skill level 15 in Armour
  5727 | D:9      | Found a staircase to the Orcish Mines.
  5789 | D:9      | Noticed Maurice
  5795 | D:9      | Maurice stole 41 gold
  5797 | D:9      | Killed Maurice
  6202 | D:10     | Entered Level 10 of the Dungeon
  6349 | D:10     | Reached skill level 5 in Maces & Flails
  6503 | D:10     | Reached XP level 11. HP: 93/97 MP: 10/10
  6699 | D:10     | Noticed Grum
  6714 | D:10     | Killed Grum
  6723 | D:10     | Reached skill level 5 in Dodging
  6863 | D:10     | Noticed a deep troll
  6870 | D:10     | Killed a deep troll
  7081 | D:11     | Noticed a two-headed ogre
  7086 | D:11     | Killed a two-headed ogre
  7141 | D:11     | Noticed a red ugly thing
  7147 | D:11     | Killed a red ugly thing
  7229 | D:11     | Reached skill level 10 in Fighting
  7410 | D:11     | Noticed a death yak
  7410 | D:11     | Noticed a death yak
  7441 | D:11     | Killed a death yak
  7671 | D:11     | Reached ***** piety under Trog
  7792 | D:11     | Found a staircase to the Lair.
  7807 | D:11     | Reached skill level 10 in Maces & Flails
  8383 | Lair:1   | Entered Level 1 of the Lair of Beasts
  9021 | Lair:1   | Reached XP level 12. HP: 110/110 MP: 11/11
  9300 | Lair:1   | Found a runed translucent door.
  9318 | Lair:1   | Noticed a catoblepas
  9326 | Lair:1   | Killed a catoblepas
  9600 | Lair:1   | Noticed a minotaur
  9608 | Lair:1   | Killed a minotaur
  9882 | Lair:2   | Found a gate leading to a gauntlet.
  9986 | Lair:2   | Identified the +0 plate armour of Thoughtfulness {rC+ Will-
                  | Dex+2 Stlth+}
 10074 | Lair:2   | Noticed a catoblepas
 10081 | Lair:2   | Noticed Erica
 10085 | Lair:2   | Killed a catoblepas
 10093 | Lair:2   | Killed Erica
 10487 | Lair:2   | Received a gift from Trog
 10572 | Lair:2   | Found a staircase to the Shoals.
 10882 | Lair:3   | Found a staircase to the Snake Pit.
 10902 | Lair:3   | Noticed a catoblepas
 10920 | Lair:3   | Killed a catoblepas
 11031 | Lair:3   | Noticed a five-headed hydra
 11043 | Lair:3   | Killed a five-headed hydra
 11046 | Lair:3   | Reached XP level 13. HP: 112/119 MP: 12/12
 11176 | Lair:3   | Reached skill level 10 in Dodging
 11435 | Lair:3   | Noticed Gastronok
 11441 | Lair:3   | Noticed Nessos
 11457 | Lair:3   | Killed Gastronok
 12624 | Lair:4   | Found a staircase to the Slime Pits.
 12625 | Lair:4   | Found a viscous altar of Jiyva.
 12730 | Lair:5   | Entered Level 5 of the Lair of Beasts
 13043 | Lair:5   | Noticed Josephine
 13051 | Lair:5   | Killed Josephine
 13479 | Lair:5   | Reached XP level 14. HP: 129/133 MP: 13/13
 13899 | Lair:5   | Reached skill level 15 in Fighting
 13981 | Lair:5   | Received a gift from Trog
 14101 | Lair:5   | Reached skill level 10 in Shields
 14199 | Shoals:1 | Entered Level 1 of the Shoals
 14261 | Shoals:1 | Slain by a sea snake

Illustrated notes

Levels and vault maps discovered:
D:1:      dpeg_arrival_rooms_a, layout_basic, serial_shops,
          nicolae_shop_hallway_stairs, nicolae_book_shop_shelving, shop,
          nicolae_shop_hallway_stairs, nicolae_shop_tiny_statue_garden,
          minmay_cut_off
D:2:      layout_basic, nicolae_eternal_life, corexii_hall_statues_x
D:3:      minmay_thinvault, layout_loops_ring,
          mainiacjoe_overflow_small_starburst, serial_shops, shop, uniq_natasha,
          uniq_crazy_yiuf_cottage
D:4:      layout_cave_pods
D:5:      layout_loops_ring, nemelex_diamond_rough_becter,
          amcnicky_altar_gilded, gammafunk_ghost_nasty_kobolds, uniq_grinder
D:6:      layout_basic, minmay_misc_feat_x, serial_bayou_pond_a, uniq_pikel
D:7:      layout_basic, minmay_temple_entry_overgrown
D:8:      layout_rooms, nzn_wu_jian_contemplation, serial_shops,
          nicolae_lakefront_shop, nicolae_shop_back_alley_shop, shop
D:9:      layout_irregular_city, david_orc_3, uniq_maurice
D:10:     dreamdust_cave_troll, layout_long_grid, uniq_grum
D:11:     layout_basic, dpeg_lair_monsters, grunt_ministairs_4,
          lightli_corner_chamber
Lair:1:   dreamdust_labyrinth, layout_gridlike, infiniplex_staircase_pool_2,
          lemuel_fruit_tree
Lair:2:   layout_cellular_growth, minmay_shoals_entry_lonely_mermaid,
          gauntlet_entry_generic, serial_bayou_shore_a, serial_bayou_shore_b,
          infiniplex_staircase_pool, uniq_erica
Lair:3:   layout_regular_city, dummy_snake_entry, serial_bayou_shore_b,
          grunt_megastairs_4, uniq_gastronok, uniq_nessos
Lair:4:   layout_misc_corridors, dpeg_slime_entry_corner
Lair:5:   grunt_lair_end_beastmaster, layout_layer_cave, uniq_josephine
Shoals:1: layout_shoals, serial_shops, shop, uniq_nikola

Skill      XL: |  1  2  3  4  5  6  7  8  9 10 11 12 13 14 |
---------------+-------------------------------------------+-----
Fighting       | 4 6 7 9 11 12 14 15 | 15.3
Shields        | 3 5 9 10 | 10.2
Armour         | 4 7 11 14 15 | 15.5
Maces & Flails | 6 10 13 | 13.8
Dodging        | 4 7 9 11 12 | 12.3
Axes           | |  3.7

Action                     |  1- 3 |  4- 6 |  7- 9 | 10-12 | 13-15 || total
---------------------------+-------+-------+-------+-------+-------++-------
  Melee: Hand axe          |    46 |       |       |       |       ||    46
         Headbutt          |    11 |    10 |    38 |   130 |   139 ||   328
         War axe           |    40 |    88 |   113 |       |       ||   241
         Mace              |       |       |    64 |   496 |   452 ||  1012
 Invoke: Berserk           |     1 |     1 |     6 |     7 |     4 ||    19
         Brothers in Arms  |       |       |       |       |     2 ||     2
  Evoke: Wand              |       |       |       |       |     1 ||     1
    Use: Scroll            |       |       |     8 |     5 |     4 ||    17
         Potion            |       |       |       |     1 |     5 ||     6
   Stab: Petrified         |       |       |       |     2 |       ||     2
 Armour: Scale mail        |    11 |       |       |       |       ||    11
         Animal skin       |     2 |       |       |       |       ||     2
         Chain mail        |    51 |    70 |   206 |   350 |   351 ||  1028
  Dodge: Dodged            |    43 |    40 |   101 |   227 |   310 ||   721
  Block: Buckler           |     3 |    16 |    69 |   196 |   209 ||   493
